Map: Avalon Labs

Players

Hartmann - Winner!

  • Race: Protoss Protoss
  • League: Master

propagare - Winner!

  • Race: Terran Terran
  • League: Gold

DemeGer - Winner!

  • Race: Zerg Zerg
  • League: Diamond

CobraTV

  • Race: Terran Terran
  • League: Diamond

MonOoTC

  • Race: Protoss Protoss

EliumTV

  • Race: Terran Terran
  • League: Diamond

VOD

Have the link to the VOD?

Description

Time

  • Played on: March 3, 2016, 5:24 p.m.
  • Length: 17:58
Show
View Real Time Build Order
Export as new Build Order

Hartmann Protoss - Winner!

Build Orders: Zealot Archon, Dark Templar Rush 

Get SALT Encoding   

  12  0:01  Probe (Chrono Boost)  
  13  0:12  Probe (Chrono Boost)  
  14  0:22  Probe (Chrono Boost), Pylon  
  15  0:40  Probe (Chrono Boost)  
  15  0:42  Gateway  
  16  0:46  Assimilator  
  16  0:51  Probe (Chrono Boost)  
  16  0:55  Assimilator  
  17  1:01  Probe (Chrono Boost)  
  18  1:12  Probe (Chrono Boost)  
  19  1:22  Probe (Chrono Boost)  
  20  1:33  Probe (Chrono Boost), Cybernetics Core  
  20  1:38  Pylon  
  21  1:43  Probe (Chrono Boost)  
  22  1:56  Probe (Chrono Boost)  
  23  2:12  Twilight Council  
  23  2:13  Warp Gate (Chrono Boost), Adept (Chrono Boost)  
  23  2:15  Mothership Core (Chrono Boost)  
  27  2:50  Dark Shrine  
  27  2:53  Gateway  
  27  2:58  Robotics Facility  
  27  3:03  Gateway  
  27  3:04  Gateway  
  27  3:17  Pylon  
  27  3:46  Warp Prism (Chrono Boost)  
  29  4:05  Dark Templar  
  29  4:09  Dark Templar  
  33  4:10  Dark Templar  
  35  4:17  Nexus  
  35  4:28  Pylon  
  35  4:40  Immortal (Chrono Boost)  
  37  5:03  Dark Templar  
  39  5:07  Dark Templar  
  35  5:20  Probe  
  36  5:39  Probe  
  36  5:40  Probe  
  38  5:46  Immortal (Chrono Boost)  
  42  5:51  Probe  
  43  5:57  Dark Templar  
  43  6:17  Probe  
  43  6:19  Probe  
  43  6:25  Immortal (Chrono Boost)  
  49  6:41  Probe  
  49  6:43  Probe  
  51  6:49  Blink  
  51  6:50  Forge  
  51  6:51  Archon  
  51  6:52  Stalker  
  51  6:53  Stalker  
  55  6:55  Probe  
  55  6:57  Probe, Assimilator  
  55  6:59  Assimilator  
  57  7:06  Probe  
  56  7:09  Probe  
  56  7:13  Immortal (Chrono Boost)  
  61  7:16  Probe  
  61  7:19  Pylon  
  61  7:21  Pylon  
  62  7:32  Pylon  
  62  7:35  Probe  
  62  7:37  Probe  
  64  7:46  Probe  
  64  7:47  Observer (Chrono Boost)  
  64  7:49  Probe  
  67  7:53  Stalker  
  67  7:54  Stalker x3  
  75  8:11  Probe  
  75  8:12  Protoss Ground Weapons Level 1 (Chrono Boost)  
  73  8:13  Probe  
  75  8:20  Stalker x4  
  83  8:27  Probe  
  83  8:28  Probe  
  83  8:33  Pylon  
  85  8:37  Pylon  
  85  8:39  Pylon  
  63  9:05  Stalker x4  
  71  9:11  Probe  
  71  9:12  Probe  
  73  9:17  Observer (Chrono Boost)  
  74  9:24  Probe  
  75  9:31  Warp Prism  
  75  9:35  Probe  
  75  9:36  Probe  
  75  9:37  Pylon  
  79  9:49  Nexus  
  79  9:51  Gateway  
  79  9:53  Gateway  
  79  9:56  Gateway  
  79  9:59  Gateway  
  79  10:02  Protoss Ground Weapons Level 2 (Chrono Boost)  
  79  10:09  Templar Archives  
  79  10:13  Probe x2  
  81  10:14  Pylon  
  81  10:30  Pylon  
  81  10:38  Robotics Bay  
  81  10:55  Psionic Storm  
  81  10:56  Probe x2  
  83  11:00  Pylon  
  83  11:03  Probe  
  83  11:06  Assimilator  
  83  11:07  Assimilator  
  83  11:08  Probe  
  84  11:22  Zealot x3  
  84  11:23  Zealot x3  
  96  11:36  Colossus  
  96  11:38  Extended Thermal Lance (Chrono Boost)  
  98  11:42  High Templar x4  
  104  12:07  Protoss Ground Weapons Level 3  
  96  12:11  Stalker x4  
  100  12:21  Probe x2  
  102  12:29  High Templar x3  
  108  12:30  Colossus  
  92  12:52  Probe  
  92  12:53  Probe x2  
  93  13:02  Probe  
  93  13:03  Stalker  
  93  13:04  Stalker x6  
  93  13:05  Probe  
  108  13:23  Colossus  
  113  13:37  Mothership Core  
  112  14:13  Probe x2  
  112  14:18  Zealot x3  
  118  14:27  Stalker x2  
  118  14:28  Stalker x3  
  128  14:35  Archon  
  128  14:36  Probe  
  128  14:37  Probe x2  
  127  14:49  Probe  
  122  15:10  Colossus (Chrono Boost)  
  122  15:11  Probe  
  122  15:12  Probe  
  122  15:13  Probe  
  131  15:15  Protoss Ground Armor Level 1  
  131  15:23  Probe  
  131  15:24  Probe  
  131  15:25  Probe  
  120  15:56  Stalker x2  
  120  15:57  Stalker x6  
  118  16:00  Colossus (Chrono Boost)  
  130  16:21  High Templar x3  
  130  16:22  High Templar  
  138  16:39  Stalker  
  140  16:44  Pylon  
  140  16:52  Nexus  
  140  17:02  Disruptor (Chrono Boost)  
  140  17:07  Pylon  
  143  17:09  Zealot x3, Pylon  
  143  17:11  Pylon  
  112  17:53  Archon  
Show
View Real Time Build Order
Export as new Build Order

propagare Terran - Winner!

Build Orders:  

Get SALT Encoding   

  12  0:00  SCV  
  13  0:13  SCV  
  14  0:17  Supply Depot  
  14  0:25  SCV  
  15  0:30  Refinery  
  15  0:39  SCV  
  16  0:45  Barracks  
  16  0:51  SCV  
  17  1:03  SCV  
  18  1:12  Barracks  
  18  1:15  SCV  
  18  1:34  SCV  
  18  1:36  Reaper  
  20  1:48  Refinery  
  20  1:49  Barracks  
  20  1:56  SCV  
  21  2:03  Reaper  
  21  2:06  Supply Depot  
  22  2:18  Reaper  
  23  2:28  SCV  
  23  2:29  Supply Depot  
  23  2:37  Reaper x2  
  23  2:40  SCV  
  26  2:51  Barracks  
  26  2:52  Reaper  
  27  3:03  Orbital Command  
  27  3:09  Reaper  
  28  3:15  Reaper  
  29  3:24  Reaper  
  28  3:47  Reaper x3  
  29  3:57  Reaper  
  30  4:07  Supply Depot  
  30  4:19  Reaper x2  
  30  4:22  Command Center  
  30  4:23  Reaper  
  25  4:41  Reaper  
  25  4:51  Reaper  
  24  5:04  Reaper x2  
  24  5:13  Supply Depot  
  22  5:25  Marine x2  
  22  5:34  Orbital Command  
  18  5:35  Marine  
  18  5:36  SCV, Marine  
  20  5:48  SCV  
  18  6:04  Marine  
  18  6:05  Marine x3  
  22  6:13  SCV x2  
  24  6:22  Marine  
  26  6:25  SCV x2  
  27  6:37  SCV x2  
  28  6:41  Supply Depot  
  28  6:42  Marine  
  28  6:43  Marine x3  
  32  6:49  SCV  
  32  6:50  SCV  
  34  7:00  Marine x2  
  34  7:01  Marine x2  
  38  7:03  SCV x2  
  36  7:21  Marine x3  
  36  7:22  Marine  
  40  7:30  Supply Depot  
  40  7:39  Marine x3  
  40  7:40  Marine  
  35  7:57  Marine x4  
  25  8:15  Marine x3  
  28  8:33  Marine x3  
  28  8:34  Marine  
  25  8:50  Marine  
  25  8:51  Marine x3  
  29  8:55  Command Center  
  29  8:57  Barracks  
  29  8:58  Barracks  
  29  9:00  Engineering Bay, Barracks  
  29  9:08  Marine x2  
  29  9:09  Marine x2  
  33  9:15  SCV x2  
  35  9:26  Marine x3  
  38  9:40  SCV x2  
  38  9:41  Marine  
  38  9:44  Marine x3  
  44  9:52  Marine x3  
  45  9:56  Terran Infantry Weapons Level 1  
  45  9:59  Marine  
  48  10:00  Engineering Bay  
  48  10:02  Marine x3  
  51  10:10  Marine x3  
  57  10:15  Orbital Command  
  57  10:16  SCV x2  
  57  10:17  Marine  
  57  10:19  Marine  
  57  10:20  Marine  
  59  10:28  SCV x2  
  61  10:36  Terran Infantry Armor Level 1  
  61  10:52  Marine x2  
  61  10:53  Marine x5  
  68  10:59  Factory  
  68  11:00  Refinery  
  68  11:01  Refinery, SCV  
  69  11:07  Missile Turret  
  69  11:25  Supply Depot  
  69  11:26  Supply Depot  
  69  11:45  SCV, Marine  
  69  11:46  Marine x5  
  69  11:47  SCV  
  74  11:50  Starport  
  74  11:53  Barracks Reactor  
  70  12:57  Orbital Command  
  70  13:03  Supply Depot  
  70  13:24  Medivac x2, SCV, Marine x6  
  70  13:25  Marine  
  78  14:04  Marine  
  78  14:06  Marine  
  78  14:07  Marine  
  78  14:10  Marine  
  78  14:12  Marine  
  78  15:24  Marine  
  78  15:27  Barracks Tech Lab  
  78  15:29  Marine  
  78  15:30  Marine x4  
  78  15:31  Medivac x2  
  49  15:41  Marine  
  47  15:47  Marine  
  47  15:48  Marine  
  47  15:49  Marine x4  
  53  15:59  Marine  
  53  16:01  Medivac x2  
  58  16:05  Barracks, Marine  
  58  16:06  Marine  
  58  16:07  Marine x4  
  58  16:08  Barracks x4  
  58  16:10  Command Center  
  64  16:17  Marine  
  65  16:22  Marine  
  65  16:23  Marine  
  65  16:24  Marine  
  65  16:25  Marine x3  
  71  16:35  Marine  
  72  16:40  Marine  
  72  16:41  Marine  
  72  17:25  Refinery  
  72  17:35  Missile Turret  
  72  17:37  Missile Turret, Barracks Reactor  
Show
View Real Time Build Order
Export as new Build Order

DemeGer Zerg - Winner!

Build Orders: Pool First 

Get SALT Encoding   

  12  0:02  Drone  
  13  0:14  Drone  
  13  0:19  Drone, Extractor  
  15  0:32  Spawning Pool  
  15  0:34  Extractor  
  13  0:37  Drone  
  14  0:45  Overlord  
  14  0:52  Drone, Extractor  
  15  1:07  Drone x2  
  17  1:14  Drone  
  18  1:20  Queen  
  20  1:38  Drone x2  
  22  1:51  Metabolic Boost  
  22  1:52  Overlord  
  22  1:53  Overlord  
  22  2:04  Evolution Chamber  
  21  2:26  Zergling x2  
  21  2:27  Zergling x4, Pneumatized Carapace  
  24  2:31  Zergling x6  
  27  2:53  Zergling x4  
  29  3:03  Zergling x6  
  32  3:10  Baneling Nest  
  31  3:21  Hatchery  
  31  3:23  Zergling x4  
  32  3:42  Zergling x8  
  36  3:55  Zergling x2  
  37  4:04  Baneling x2  
  37  4:05  Baneling x2  
  37  4:10  Zergling x2  
  37  4:12  Overlord x2  
  26  4:59  Baneling x2  
  21  5:00  Baneling x2  
  21  5:01  Zergling x12  
  17  5:23  Drone x2  
  17  5:24  Drone  
  17  5:30  Drone  
  12  5:45  Drone  
  12  5:46  Drone  
  13  6:02  Drone x2  
  15  6:08  Drone  
  16  6:16  Zergling x2  
  16  6:17  Zergling x2  
  18  6:30  Zergling x2  
  18  6:31  Zergling x4  
  21  6:34  Zergling x2  
  22  6:47  Zergling x4  
  22  6:51  Drone  
  25  6:57  Zergling x2  
  26  7:13  Baneling x3  
  26  7:14  Baneling  
  26  7:19  Baneling x2  
  26  7:22  Zergling x6  
  29  7:25  Baneling x2  
  25  7:45  Zergling x6  
  25  7:46  Zergling x4  
  25  8:31  Zergling x2  
  25  8:32  Zergling x10  
  29  9:00  Drone x3  
  29  9:01  Drone  
  35  9:04  Overlord x2, Zerg Melee Weapons Level 1  
  35  9:08  Queen  
  34  9:20  Drone  
  34  9:22  Overlord  
  35  9:28  Lair  
  29  10:01  Zergling x12  
  29  10:06  Extractor  
  34  10:12  Baneling x3  
  34  10:17  Drone x2  
  34  10:20  Extractor  
  35  10:21  Extractor  
  34  10:38  Drone x3  
  34  10:39  Drone x3  
  40  10:43  Spire  
  35  11:19  Drone  
  35  11:20  Drone x7  
  35  11:21  Drone  
  44  11:32  Overlord x2  
  44  11:37  Baneling x2  
  44  11:38  Baneling x2  
  40  12:06  Drone x8  
  48  12:18  Zergling x4  
  50  12:26  Zerg Flyer Weapons Level 1  
  50  12:28  Overlord  
  50  12:29  Overlord  
  50  12:34  Overlord  
  49  13:17  Mutalisk, Queen  
  49  13:18  Mutalisk x8  
  67  13:32  Spore Crawler  
  64  13:38  Mutalisk  
  64  13:39  Mutalisk x2  
  70  13:54  Mutalisk x3  
  76  14:07  Mutalisk x2  
  76  14:09  Overlord x2  
  68  14:34  Mutalisk x5  
  76  14:38  Overlord  
  76  14:59  Mutalisk x3  
  76  15:16  Mutalisk  
  78  15:56  Mutalisk x3  
  84  16:10  Mutalisk  
  86  16:37  Mutalisk x3  
  88  16:50  Mutalisk  
  86  17:03  Mutalisk  
  86  17:05  Overlord  
  86  17:07  Queen  
  86  17:08  Queen  
  90  17:23  Mutalisk  
  92  17:31  Overlord  
  92  17:32  Zergling x8  
Show
View Real Time Build Order
Export as new Build Order

CobraTV Terran 

Build Orders: Liberator Opening 

Get SALT Encoding   

  12  0:01  SCV  
  13  0:13  SCV  
  14  0:18  Supply Depot  
  14  0:25  SCV  
  15  0:40  SCV  
  15  0:42  Barracks  
  16  0:47  Refinery  
  16  0:52  SCV  
  17  1:04  SCV  
  17  1:07  Refinery  
  18  1:16  SCV  
  19  1:29  Orbital Command  
  19  1:30  Barracks Reactor  
  19  1:49  Supply Depot  
  19  1:55  Factory, SCV  
  20  2:07  SCV, Marine x2  
  23  2:19  SCV  
  24  2:25  Marine x2  
  26  2:34  Supply Depot, SCV  
  27  2:40  Factory Tech Lab  
  27  2:41  Starport  
  27  2:45  Marine  
  27  2:46  Marine  
  27  2:47  SCV  
  30  2:55  Supply Depot  
  30  2:59  SCV  
  30  3:01  Engineering Bay  
  31  3:07  Siege Tank  
  31  3:10  Marine  
  35  3:13  Marine  
  35  3:18  Medivac  
  38  3:27  Supply Depot  
  38  3:31  Marine x2  
  40  3:41  Liberator  
  40  3:50  Marine x2  
  40  3:52  Missile Turret  
  42  3:56  Supply Depot  
  42  4:02  Siege Tank  
  48  4:07  Terran Infantry Weapons Level 1  
  48  4:24  Marine x2  
  49  4:42  Marine  
  50  4:52  Marine  
  48  5:00  Marine  
  46  5:10  Marine  
  40  5:18  Marine  
  40  5:19  Medivac  
  43  5:27  Marine  
  44  5:35  Missile Turret, Marine  
  45  5:45  Marine  
  46  5:53  Marine  
  47  6:01  Medivac  
  47  6:03  Marine  
  50  6:05  Terran Infantry Armor Level 1  
  50  6:07  Barracks  
  50  6:08  Barracks  
  50  6:11  Marine  
  51  6:21  Marine  
  52  6:29  Marine  
  53  6:39  Marine  
  54  6:47  Marine  
  54  6:49  Starport Reactor  
  55  6:56  Marine  
  56  7:03  Barracks Tech Lab  
  56  7:04  Barracks Tech Lab, Siege Tank, Marine  
  60  7:09  Missile Turret  
  60  7:12  Missile Turret  
  60  7:16  Marine  
  60  7:22  Marine  
  61  7:27  Command Center  
  62  7:33  Marine  
  63  7:42  Marine x2  
  60  7:51  Marine  
  60  7:59  Marine  
  60  8:09  Marine  
  60  8:10  Marine  
  60  8:11  Marine  
  61  8:17  Marine  
  61  8:22  SCV  
  61  8:27  Marine  
  61  8:28  Marine  
  63  8:38  SCV, Marine x2  
  66  8:45  Marine  
  66  8:46  Marine  
  66  8:51  SCV  
  66  8:53  Missile Turret  
  58  8:56  Marine x2  
  51  9:03  Marine  
  51  9:04  Marine  
  51  9:06  Orbital Command  
  48  9:14  Marine x2  
  46  9:18  SCV  
  47  9:30  SCV  
  48  9:34  SCV  
  48  9:35  Combat Shields  
  48  9:36  Stimpack  
  49  9:41  Medivac  
  49  9:42  SCV  
  52  9:46  SCV  
  53  9:54  SCV  
  53  9:55  Refinery x2  
  53  9:58  SCV, Marine x4  
  59  10:06  SCV  
  60  10:10  Medivac  
  60  10:13  SCV  
  63  10:16  Marine x4  
  63  10:19  SCV  
  68  10:24  Medivac  
  70  10:33  Supply Depot  
  70  10:34  Marine x4  
  74  10:51  Marine  
  74  10:52  Marine x3  
  74  10:53  Supply Depot  
  74  10:55  Supply Depot x2  
  77  11:03  Liberator x2  
  77  11:09  Marine x3  
  77  11:10  Marauder  
  88  11:27  Marine x3  
  88  11:31  Marine  
  92  11:33  SCV  
  93  11:45  Marine x3  
  96  11:49  Marauder  
  95  12:03  Marine x3  
  95  12:10  Marine  
  84  12:20  Marine  
  84  12:21  Marine x2  
  84  12:22  SCV x2  
  77  12:25  Medivac x2  
  77  12:28  Marine  
  82  12:38  Marine  
  82  12:39  Marine x2  
  85  12:46  Marine  
  86  12:56  Marine x3  
  76  13:04  Marine  
  77  13:14  Marine x3  
  80  13:22  Marauder  
  82  13:28  Siege Tank  
  82  13:32  Marine x2  
  82  13:33  Marauder  
  89  13:43  Marine  
  90  13:49  Marine  
  90  13:50  Marine  
  90  13:53  Marine  
  89  14:01  Marine  
  84  14:07  Marine  
  84  14:08  Marine  
  78  14:11  Marine  
  79  14:19  Marauder  
  81  14:25  Marine x2  
  81  14:29  Marine  
  84  14:37  Siege Tank  
  87  14:40  Marine  
  87  14:43  Marine x2  
  88  14:47  Marauder  
  88  14:50  Medivac x2, Engineering Bay  
  93  14:57  Armory  
  93  14:58  Marauder  
  94  15:01  Marine x2  
  96  15:07  Command Center  
  96  15:08  Marine  
  96  15:09  Siege Tank  
  100  15:18  Barracks  
  100  15:19  Medivac, Barracks, Marine x3  
  105  15:23  Barracks  
  105  15:26  Marine  
  90  15:36  Marine  
  90  15:37  Marine  
  90  15:41  Siege Tank, Marine  
  57  15:44  Marine  
  49  15:55  Marauder  
  49  15:59  Marine  
  49  16:02  Marine  
  49  16:10  Medivac x2  
  47  16:16  Marauder, Marine  
  53  16:19  Marine  
  51  16:26  Barracks Reactor  
  51  16:28  Barracks Reactor  
  49  16:34  Marine  
  49  16:37  Missile Turret, Marine x2  
  49  16:38  Missile Turret  
  38  16:52  Marine x2  
  38  16:55  Marine x2  
  36  17:10  Marine  
  36  17:13  Marine x2  
  40  17:20  Barracks Reactor  
  40  17:21  Marine x4  
  43  17:28  Marine  
Show
View Real Time Build Order
Export as new Build Order

MonOoTC Protoss 

Build Orders: Blink Stalkers 

Get SALT Encoding   

  12  0:01  Probe (Chrono Boost)  
  13  0:12  Probe (Chrono Boost)  
  14  0:18  Pylon  
  14  0:22  Probe (Chrono Boost)  
  15  0:37  Probe (Chrono Boost)  
  15  0:38  Gateway  
  16  0:43  Assimilator  
  16  0:47  Probe (Chrono Boost)  
  17  0:56  Assimilator  
  17  0:58  Probe (Chrono Boost)  
  18  1:08  Probe (Chrono Boost)  
  19  1:19  Probe (Chrono Boost)  
  20  1:29  Probe (Chrono Boost)  
  21  1:36  Cybernetics Core  
  21  1:38  Gateway  
  21  1:41  Pylon  
  21  1:43  Probe (Chrono Boost)  
  22  1:53  Probe (Chrono Boost)  
  23  2:04  Probe (Chrono Boost)  
  24  2:14  Probe (Chrono Boost)  
  25  2:16  Stalker, Warp Gate (Chrono Boost)  
  26  2:26  Twilight Council, Stalker  
  28  2:36  Pylon  
  28  2:45  Gateway  
  28  2:58  Stalker  
  28  3:03  Blink (Chrono Boost)  
  30  3:06  Stalker  
  32  3:20  Gateway  
  32  3:33  Pylon  
  32  3:48  Mothership Core  
  34  4:03  Pylon  
  34  4:14  Stalker x3  
  40  4:17  Stalker  
  42  4:31  Pylon  
  40  4:44  Zealot  
  40  4:45  Zealot x3  
  36  5:07  Probe  
  37  5:19  Probe  
  38  5:32  Robotics Facility  
  19  5:56  Probe (Chrono Boost)  
  14  6:08  Probe (Chrono Boost)  
  12  6:18  Probe (Chrono Boost)  
  12  6:21  Observer (Chrono Boost)  
  14  6:30  Probe (Chrono Boost)  
  15  6:45  Probe (Chrono Boost)  
  16  6:50  Observer  
  16  7:12  Probe (Chrono Boost)  
  17  7:23  Probe (Chrono Boost)  
  17  7:28  Stalker  
  20  7:38  Probe (Chrono Boost)  
  21  7:48  Probe (Chrono Boost)  
  22  7:56  Pylon  
  22  7:59  Probe (Chrono Boost)  
  21  8:12  Probe (Chrono Boost)  
  19  8:23  Probe (Chrono Boost)  
  20  8:33  Probe (Chrono Boost)  
  21  8:44  Probe (Chrono Boost)  
  20  8:54  Probe (Chrono Boost)  
  21  9:09  Probe (Chrono Boost)  
  16  9:19  Probe (Chrono Boost)  
  17  9:25  Stalker  
  17  9:30  Probe (Chrono Boost)  
  20  9:40  Probe (Chrono Boost)  
  21  9:51  Probe (Chrono Boost)  
  21  10:02  Probe (Chrono Boost)  
  22  10:17  Nexus  
  22  10:30  Stalker  
  24  10:36  Probe (Chrono Boost)  
  25  10:55  Stalker  
  27  11:03  Probe (Chrono Boost)  
  28  11:18  Probe (Chrono Boost)  
  28  11:24  Robotics Bay  
  29  11:37  Probe x2 (Chrono Boost)  
  31  11:47  Probe (Chrono Boost)  
  32  11:54  Pylon  
  32  11:59  Pylon  
  32  12:06  Probe (Chrono Boost)  
  32  12:07  Probe (Chrono Boost)  
  34  12:17  Stalker  
  34  12:18  Stalker  
  34  12:22  Disruptor (Chrono Boost)  
  38  12:27  Probe  
  38  12:28  Probe  
  43  12:38  Probe  
  43  12:40  Probe  
  45  12:47  Templar Archives  
  45  12:48  Assimilator  
  45  12:50  Probe  
  45  12:52  Assimilator  
  46  13:18  Stalker x2  
  46  13:19  Stalker x2  
  54  13:24  Probe  
  55  13:29  Disruptor (Chrono Boost)  
  58  13:37  Probe  
  58  13:38  Probe  
  60  13:47  Forge  
  60  14:01  Sentry  
  60  14:02  Sentry  
  64  14:04  Probe  
  64  14:05  Probe  
  64  14:08  High Templar x2  
  70  14:13  Archon  
  70  14:18  Disruptor (Chrono Boost)  
  70  14:21  Gateway  
  73  14:25  Photon Cannon  
  73  14:46  Stalker x2  
  73  14:47  Stalker  
  79  15:16  Disruptor (Chrono Boost)  
  78  15:41  Stalker x3  
  78  15:42  Stalker  
  51  16:06  Stalker x4  
  51  16:07  Stalker  
  54  16:39  Stalker x5  
  53  17:02  Stalker x2  
  53  17:03  Stalker x3  
  63  17:30  Forge  
Show
View Real Time Build Order
Export as new Build Order

EliumTV Terran 

Build Orders:  

Get SALT Encoding   

  12  0:00  SCV  
  13  0:13  SCV  
  14  0:25  SCV  
  15  0:29  Supply Depot  
  15  0:50  SCV  
  15  0:55  Barracks  
  16  0:59  Refinery  
  16  1:00  Refinery  
  16  1:02  SCV  
  17  1:15  SCV  
  18  1:33  SCV  
  18  1:37  Barracks  
  19  1:43  Marine  
  20  1:51  Orbital Command  
  20  2:02  Factory  
  20  2:08  Marine  
  21  2:16  SCV  
  22  2:25  Marine  
  22  2:28  Supply Depot  
  23  2:32  Supply Depot  
  23  2:46  Starport  
  23  2:47  Factory Tech Lab  
  23  2:49  SCV  
  25  2:53  Barracks Tech Lab  
  24  2:59  Supply Depot  
  24  3:02  Barracks Tech Lab, SCV  
  25  3:06  Barracks  
  25  3:08  Siege Tank  
  28  3:14  SCV  
  29  3:24  Medivac  
  29  3:26  SCV  
  26  3:52  Stimpack  
  26  4:04  Medivac  
  26  4:05  Marine x2  
  26  4:09  SCV  
  32  4:25  Barracks Reactor, Marine  
  32  4:26  Marine  
  27  4:50  Marauder  
  28  4:59  Raven  
  20  5:13  SCV  
  20  5:14  Marine  
  21  5:38  Marine  
  21  5:39  SCV, Marine  
  21  5:41  Factory Tech Lab  
  21  5:42  Marine  
  18  6:04  Marine  
  18  6:05  SCV  
  18  6:07  Marine  
  19  6:39  Marine  
  15  6:40  SCV, Marine  
  18  6:52  SCV  
  19  7:09  Marine x2  
  21  7:16  SCV  
  22  7:30  SCV  
  17  8:04  Marine x2  
  15  8:22  Marine x2  
  16  8:33  SCV  
  17  8:45  SCV  
  16  8:53  Marine  
  8  8:57  SCV  
  7  9:08  Marine  
  9  9:10  SCV  
  9  9:14  Marine  
  10  9:22  SCV  
  11  9:36  Marine  
  11  9:37  Marine  
  13  9:43  SCV  
  14  10:02  Marine x3  
  14  10:05  SCV  
  18  10:32  SCV  
  18  10:34  Marine x2  
  21  10:51  Command Center  
  21  10:57  SCV  
  22  11:49  Marine  
  22  11:50  Marine x2  
  24  12:04  SCV  
  24  12:07  Medivac  
  27  12:09  Siege Tank  
  27  12:10  Marine  
  27  12:12  Marine  
  32  12:16  SCV  
  33  12:28  SCV  
  34  12:35  Orbital Command  
  31  13:02  Marine x3  
  31  13:03  SCV  
  25  13:33  Marine x4  
  29  13:42  SCV  
  30  13:51  Marine x2  
  26  14:25  SCV, Marine x2  
  26  14:26  SCV  
  26  14:27  Marine  
  29  14:37  SCV  
  22  14:49  SCV  
  11  15:12  Marine x2  
  13  15:15  SCV  
  8  15:29  Marine x2  
  10  15:41  Marine x2  
  10  15:42  SCV x2  
  14  15:54  SCV  
  14  15:55  SCV  
  15  16:02  Marine x2  
  17  16:16  Marine x2  
  19  16:19  SCV x2  
  19  16:20  Marine  
  22  16:26  Marine  
  23  16:33  Marine  
  20  16:43  Banshee  
  16  17:16  Orbital Command  
  15  17:26  Marine  
Tags
 
Add a new tag
Caveats
  • Supply blocks, unpowered buildings, or Contaminate may cause inaccurate times.
  • Supply counts are checked every 10 seconds.